[Event "NJSK 2022 Meisjes C"]
[Site "Almelo, Netherlands"]
[Date "2022.05.07"]
[Round "7.8"]
[White "Hagen, Carlijn"]
[Black "Koorevaar, Sarah-Joy"]
[Result "1-0"]
[TimeControl "90min/40moves + 30min + 30sec/move"]
[WhiteElo "783"]
[BlackElo "849"]

1. e4 c5 2. Nc3 Nc6 3. Nf3 e6 4.
d4 cxd4 5. Nxd4 a6 6. Be3 g6 7. Be2 Bg7 8. O-O Nge7 9. Bf3 O-O 10. Nce2 d5 11. c3 dxe4 12. Bxe4 f5 13. Nxc6 Nxc6 14.
Bxc6 bxc6 15. Qa4 Bb7 16. Qc4 Qd7 17. Rad1 Qf7 18. Rd6 Rfe8 19. Bd4 a5 20. Bxg7 Kxg7 21. Re1 Qe7 22. Qd4+ e5 23.
Qd1 Rad8 24. Rxd8 Qxd8 25. Qb3 Ba6 26. c4 Qd2 27. Qd1 Qxd1 28. Rxd1 Bxc4 29. Nc3 Kf6 30. Rd6+ Re6 31. Rd7 h5 32.
Ra7 Rd6 33. b3 Bb5 34. Rxa5 e4 35. h3 Rd2 36. a4 Bd3 37. Rc5 Rc2 38. Rxc6+ Ke5 39. b4 f4 40. Rc5+ Kf6 41. Nd5+ Kg5 42.
Rxc2 Bxc2 43. a5 Bb3 44. Nc7 Bc4 45. a6 e3 46. f3 Bxa6 47. Nxa6 Kh4 48. Kf1 Kg3 49. b5 e2+ 50. Kxe2 Kxg2 51. b6 Kxh3 52. b7 g5 53. b8=Q g4 54. fxg4 hxg4 55. Qxf4 g3 56. Qf5+ Kh2 57. Qh5 Kg2 58. Qf3 Kh2 59.
Kf1 g2+ 60. Qxg2+ 1-0

[Event "NJSK 2022 Meisjes C"]
[Site "Almelo, Netherlands"]
[Date "2022.05.07"]
[Round "7.9"]
[White "De Bruijne, Marlies"]
[Black "Verbunt, Lisa"]
[Result "1-0"]
[TimeControl "90min/40moves + 30min + 30sec/move"]
[WhiteElo "858"]
[BlackElo "807"]

1. e4 e5 2. Nf3 Nc6 3. Nc3 Bc5 4.
Nxe5 Nxe5 5. d4 Bb6 6. dxe5 Ne7 7. Bg5 h6 8. Bd2 d5 9. exd5 Nxd5 10. Bc4 Be6 11. Nxd5 Bxd5 12. Bxd5 Qxd5 13.
O-O Qxe5 14. Re1 Qxe1+ 15. Qxe1+ Kd7 16. Bc3 Rhe8 17. Qd2+ Kc6 18. Bxg7 Rad8 19. Qc3+ Bc5 20. b4 b6 21.
bxc5 Re2 22. Qf3+ Rd5 23. Qxe2 Rxc5 24. g3 h5 25. Qe7 Rxc2 26. Qe4+ Kb5 27. Qxc2 Ka6 28. Qa4+ Kb7 29. Rc1 f5 30.
Be5 c5 31. Rd1 Kc8 32. Qxa7 c4 33. Bf6 c3 34. Rd8# 1-0